 Dungeon Crawl Stone Soup version 0.30-a0-1160-g6e42c06551 (webtiles) character file.

Game seed: 6022504109208282593

60 sircluck the Cudgeller (level 4, 0/41 HPs)
             Began as a Gnoll Berserker on Apr 26, 2023.
             Was a Believer of Trog.
             Killed from afar by a starcursed mass (7 damage)
             ... with an accursed screaming
             ... on level 1 of the Abyss.
             The game lasted 00:03:05 (1101 turns).

sircluck the Cudgeller (Gnoll Berserker)            Turns: 1101, Time: 00:03:06

Health: 0/41       AC:  7    Str: 19    XL:     4   Next: 4%
Magic:  5/5        EV: 11    Int:  6    God:    Trog [**....]
Gold:   36         SH:  0    Dex: 11    Spells: 5/5 levels left

rFire   . . .        k - +1 dagger (venom)
rCold   . . .        (no shield)
rNeg    . . .        d - +0 scale mail
rPois   .            (no helmet)
rElec   .            (no cloak)
rCorr   .            (no gloves)
SInv    .            (no boots)
Will    .....        (no amulet) Stlth
                     (no ring)
HPRegen 0.26/turn    (no ring)
MPRegen 0.09/turn

%: no passive effects
@: no status effects
A: fangs 1, strong nose, distributed training
a: Renounce Religion, Berserk, Trog's Hand


You were on level 1 of the Abyss.
You worshipped Trog.
Trog was pleased with you.
You visited 1 branch of the dungeon, and saw 2 of its levels.
You visited the Abyss 1 time.

You collected 36 gold pieces.

Inventory:

Hand Weapons
 a - a +0 mace
 g - a +2 short sword of distortion
 k - a +1 dagger of venom (weapon)
Missiles
 e - 24 stones (quivered)
 l - 2 poisoned darts
Armour
 b - a +0 animal skin
 d - a +0 scale mail (worn)
Jewellery
 j - a +6 ring of intelligence
Wands
 h - a wand of roots (6)
Scrolls
 c - 2 scrolls of vulnerability {unknown}
 f - 2 scrolls of blinking {unknown}
 i - a scroll of enchant weapon {unknown}


   Skills:
 + Level 6.6 Fighting
 + Level 1.0 Short Blades
 + Level 1.0 Long Blades
 + Level 1.0 Axes
 + Level 6.6 Maces & Flails
 + Level 1.0 Polearms
 + Level 1.0 Staves
 + Level 1.0 Ranged Weapons
 + Level 1.0 Throwing
 + Level 4.6 Armour
 + Level 4.6 Dodging
 + Level 1.0 Stealth
 + Level 1.0 Shields
 + Level 1.0 Unarmed Combat
 + Level 1.0 Spellcasting
 + Level 0.8 Conjurations
 + Level 0.8 Hexes
 + Level 0.8 Summonings
 + Level 0.8 Necromancy
 + Level 0.8 Translocations
 + Level 0.8 Transmutations
 + Level 0.8 Fire Magic
 + Level 0.8 Ice Magic
 + Level 0.8 Air Magic
 + Level 0.8 Earth Magic
 + Level 0.8 Poison Magic
 + Level 1.1 Invocations
 + Level 1.0 Evocations


You had 5 spell levels left.
You didn't know any spells.
Your spell library was empty.

Dungeon Overview and Level Annotations

Branches:
Dungeon (2/15)

Altars:


Innate Abilities, Weirdness & Mutations

You have very sharp teeth.
Your uncanny sense of smell can sniff out nearby items.
Your experience applies equally to all skills.


Message History

Roots grab the starcursed mass.
The tormentor roars!
The grasping roots constrict the starcursed mass.
You hear a roar!
A starcursed mass splits.
Roots grab the starcursed mass.
Aiming: Fastroot
Press: ? - help, Q - select action, (/) - cycle Shift-Dir - straight line, f - tormentor, p - starcursed mass
Aim: a tormentor The roots erupt in riotous growth!
The starcursed mass is unaffected.
Roots grab the tormentor.
The starcursed mass is unaffected.
The grasping roots constrict the tormentor.
The grasping roots constrict the starcursed mass. x2
The starcursed mass shudders and is absorbed by its neighbour.
The roots lose their grip on the starcursed mass.
The tormentor calls on the powers of darkness!
Your body is wracked with pain!
A starcursed mass splits.
Roots grab the starcursed mass.
A chorus of shrieks assaults your mind.
Aiming: Fastroot
Press: ? - help, Q - select action, (/) - cycle Shift-Dir - straight line, f - you, p - tormentor The roots erupt in riotous growth!
The grasping roots constrict the tormentor.
The grasping roots constrict the starcursed mass. x2
The roots release their grip on the starcursed mass.
The roots release their grip on the tormentor.
The roots release their grip on the starcursed mass.
The starcursed mass shudders and is absorbed by its neighbour.
A starcursed mass splits.
Unknown command.
A chorus of shrieks assaults your mind.
* * * LOW HITPOINT WARNING * * *
An ancient zyme and a small abomination come into view.
You feel yourself growing ill in the presence of the ancient zyme.
The tormentor completely misses you.
The tormentor hits you but does no damage.
A starcursed mass splits.
A chorus of shrieks assaults your mind.
You die...

# #.. #.## ..#.#
. # ....##...#
###.#. .
#.#.....##......#
# #......#.. #.>#
..
##...#..#####..##
. #
..#.##..XX....
#.. ##.#..X# ..
##.#2.###... #.
#..@.......
#x....#..#..#.
#.x.#.###...#.#
.###.# .....# #.#
....... #.
.#.##.# . ##.. #
. .##


You could see 3 starcursed masses, an ancient zyme, a tormentor and a small
abomination.

Vanquished Creatures
  Natasha (D:2)
  2 worms (D:2)
  A dart slug (D:1)
  2 bats
  2 endoplasms (D:1)
  A giant cockroach (D:1)
  2 goblins (D:1)
  2 hobgoblins (D:1)
  A quokka (D:1)
  3 ball pythons
  A frilled lizard (D:1)
  4 kobolds
  2 rats (D:1)
24 creatures vanquished.

Notes
Turn   | Place    | Note
-------+----------+-------------------------------------------
     0 | D:1      | sircluck the Gnoll Berserker began the quest for the Orb.
     0 | D:1      | Reached XP level 1. HP: 23/23 MP: 1/1
   201 | D:1      | Reached XP level 2. HP: 29/29 MP: 2/2
   402 | D:1      | Found a faded altar of an unknown god.
   552 | D:2      | Noticed Natasha
   596 | D:2      | Killed Natasha
   597 | D:2      | Reached skill level 1 in Short Blades
   597 | D:2      | Reached skill level 1 in Long Blades
   597 | D:2      | Reached skill level 1 in Axes
   597 | D:2      | Reached skill level 1 in Polearms
   597 | D:2      | Reached skill level 1 in Staves
   597 | D:2      | Reached skill level 1 in Ranged Weapons
   597 | D:2      | Reached skill level 1 in Throwing
   597 | D:2      | Reached skill level 1 in Stealth
   597 | D:2      | Reached skill level 1 in Shields
   597 | D:2      | Reached skill level 1 in Unarmed Combat
   597 | D:2      | Reached skill level 1 in Spellcasting
   597 | D:2      | Reached skill level 1 in Invocations
   597 | D:2      | Reached skill level 1 in Evocations
   597 | D:2      | Reached XP level 3. HP: 19/35 MP: 2/4
   871 | D:2      | Reached ** piety under Trog
   877 | D:2      | Reached XP level 4. HP: 36/41 MP: 5/5
   936 | Abyss:1  | Cast into level 1 of the Abyss (unwielding a weapon of
                  | distortion)
  1093 | Abyss:1  | Noticed a starcursed mass
  1095 | Abyss:1  | Noticed a tormentor
  1100 | Abyss:1  | Noticed an ancient zyme
  1100 | Abyss:1  | Noticed a small abomination
  1101 | Abyss:1  | Killed from afar by a starcursed mass

Illustrated notes

Levels and vault maps discovered:
D:1:      nzn_arrival_crosshair, layout_rooms, shapermc_ecumenical_altar_ellora,
          st_stairs_12, minmay_surrounded
D:2:      layout_rooms, minmay_misc_feat_tower, uniq_jessica, uniq_natasha
Abyss:1:  base:
D:1

Skill      XL: |  1  2 |
---------------+-------+-----
Short Blades   | 1 |  1.0
Long Blades    | 1 |  1.0
Axes           | 1 |  1.0
Polearms       | 1 |  1.0
Staves         | 1 |  1.0
Ranged Weapons | 1 |  1.0
Throwing       | 1 |  1.0
Stealth        | 1 |  1.0
Shields        | 1 |  1.0
Unarmed Combat | 1 |  1.0
Spellcasting   | 1 |  1.0
Invocations    | 1 |  1.1
Evocations     | 1 |  1.0
Fighting       | |  6.6
Maces & Flails | |  6.6
Armour         | |  4.6
Dodging        | |  4.6
Conjurations   | |  0.8
Hexes          | |  0.8
Summonings     | |  0.8
Necromancy     | |  0.8
Translocations | |  0.8
Transmutations | |  0.8
Fire Magic     | |  0.8
Ice Magic      | |  0.8
Air Magic      | |  0.8
Earth Magic    | |  0.8
Poison Magic   | |  0.8

Action                     |  1- 3 |  4- 6 || total
---------------------------+-------+-------++-------
  Melee: Mace              |    46 |       ||    46
         Bite              |     7 |     1 ||     8
         Short sword       |    25 |     3 ||    28
 Invoke: Berserk           |     1 |       ||     1
  Evoke: Wand              |       |     4 ||     4
 Armour: Scale mail        |    33 |     2 ||    35
  Dodge: Dodged            |    43 |     1 ||    44

Table legend: (Time is in decaauts)
 A = Elapsed time spent in this place.
 B = Non-inter-level travel time spent in this place.
 C = Inter-level travel time spent in this place.
 D = Time resting spent in this place.
 E = Time spent auto-exploring this place.
 F = Levels seen in this place.
 G = Mean time per level.
                   A        B        C        D        E       F      G
               +--------+--------+--------+--------+--------+-----+--------+
         Total |   1108 |   1108 |      0 |    293 |    546 |   3 |  369.3 |
       Dungeon |    945 |    945 |      0 |    235 |    467 |   2 |  472.5 |
         Abyss |    163 |    163 |      0 |     58 |     79 |   1 |  163.0 |
               +--------+--------+--------+--------+--------+-----+--------+

Top non-repeatable levels by time:
     D:1: 589 daAuts
     D:2: 355 daAuts
 Abyss:1: 163 daAuts
